AoeStats
← 30TITI30

Arena

509591107Analyzed
2v2 RM · 4d ago on Sep 27, 2026· 73m 49s· 4 players
Game mode
Random Map
Map size
Medium (4 player)
Population
200
Speed
Normal
Resources
Standard
Victory
Conquest
Starting age
Dark Age
Ending age
Imperial Age
RankedLock teamsTeams togetherTeam positionsShared explorationLock speedFull tech treeHidden civsTurbo modeCheats
Victory
Defeat
🇫🇷 Franks · France
1077
+17
🇫🇷 Saracens · France
1076
+17
🇹🇷 Bohemians · Türkiye
1107
-17
🇹🇷 Burmese · Türkiye
1095
-17
Breton
7:29 Loom
10:57 Feudal Age
12:59 Fletching
14:25 Double-Bit Axe
14:21 Horse Collar
22:43 Castle Age
22:04 Forging
23:17 Scale Barding Armor
24:07 Crossbowman
25:18 Heavy Plow
25:31 Bow Saw
26:29 Husbandry
26:39 Bloodlines
34:48 Wheelbarrow
36:56 Chain Barding Armor
38:06 Iron Casting
43:05 Imperial Age
40:57 Gold Mining
42:14 Bodkin Arrow
43:42 Hand Cart
44:16 Conscription
44:52 Elite Mameluke
46:11 Hoardings
46:04 Ballistics
46:47 Chemistry
45:45 Murder Holes
47:21 Gold Shaft Mining
47:44 Ballistics
47:34 Town Watch
48:53 Blast Furnace
48:29 Plate Barding Armor
48:58 Two-Man Saw
48:10 Herbal Medicine
56:26 Town Patrol
67:21 Caravan
30TITI30
7:32 Loom
10:23 Feudal Age
16:16 Castle Age
23:34 Scale Mail Armor
31:47 Forging
37:07 Double-Bit Axe
42:43 Fletching
46:59 Bow Saw
46:45 Elite Skirmisher
47:22 Bodkin Arrow
47:28 Padded Archer Armor
53:35 Imperial Age
52:36 Wheelbarrow
52:01 Gold Mining
56:09 Hand Cart
55:41 Town Watch
58:10 Caravan
58:18 Pikeman
58:43 Arson
58:59 Squires
59:45 Iron Casting
59:25 Chain Mail Armor
59:06 Bodkin Arrow
59:26 Leather Archer Armor
59:28 Halberdier
62:06 Town Patrol
66:22 Conscription
72:01 Scale Barding Armor
72:56 Blast Furnace
72:31 Plate Mail Armor
73:04 Chemistry
72:26 Ballistics
73:06 Chemistry
73:33 Heavy Mounted Crossbowman
73:35 Crossbowman
73:43 Capped Ram
Hector Of Troy
11:25 Feudal Age
15:29 Castle Age
14:08 Double-Bit Axe
14:11 Horse Collar
25:45 Imperial Age
26:29 Wheelbarrow
27:50 Fletching
28:36 Padded Archer Armor
28:31 Bodkin Arrow
31:08 Wagenburg Tactics
31:51 Fervor
35:01 Chemistry
34:21 Ballistics
39:51 Leather Archer Armor
40:18 Hand Cart
42:03 Ring Archer Armor
51:11 Squires
53:21 Pikeman
54:03 Scale Mail Armor
54:14 Forging
64:29 Scale Barding Armor
66:16 Husbandry
68:12 Light Cavalry
71:08 Chain Barding Armor
Caniko
5:11 Loom
10:47 Feudal Age
12:50 Town Watch
15:26 Castle Age
14:15 Horse Collar
15:02 Stone Mining
15:15 Stone Mining
16:10 Gold Mining
22:32 Scale Barding Armor
23:41 Husbandry
23:55 Bloodlines
23:56 Husbandry
24:20 Fervor
28:34 Fletching
29:34 Padded Archer Armor
31:04 Chain Barding Armor
33:04 Wheelbarrow
36:45 Imperial Age
35:26 Gold Shaft Mining
37:00 Capped Ram
38:17 Conscription
42:34 Heavy Plow
42:00 Crossbowman
43:11 Parthian Tactics
43:16 Hand Cart
42:53 Town Watch
43:35 Ballistics
42:55 Crossbowman
45:39 Chemistry
44:41 Bodkin Arrow
45:39 Bracer
45:56 Heavy Cavalry Archer
48:57 Treadmill Crane
51:04 Plate Barding Armor
50:51 Crossbowman
70:16 Light Cavalry
71:18 Hussar
72:13 Forging
73:48 Iron Casting
Connection lost

Rejoining the realm…

Still unreachable

The connection could not be restored.

Session expired

The server has moved on; the page needs a fresh start.